 Dungeon Crawl Stone Soup version 0.21.1-1-g345015f (webtiles) character file.

578 NorthaanB the Cudgeler (level 7, 0/56 HPs)
             Began as a Demonspawn Chaos Knight on May 19, 2018.
             Splashed by a jelly's acid (7 damage)
             ... on level 5 of the Dungeon.
             The game lasted 00:04:03 (2869 turns).

NorthaanB the Cudgeler (Demonspawn Chaos Knight)    Turns: 2869, Time: 00:04:05

Health: 0/56       AC:  2    Str: 15    XL:     7   Next: 13%
Magic:  7/7        EV: 14    Int: 13    God:    Xom [..*...]
Gold:   188        SH:  0    Dex: 17    Spells: 6/6 levels left

rFire    + . .     SeeInvis .   a - +0 mace (chaos)
rCold    . . .     Gourm    .   (no shield)
rNeg     . . .     Faith    .   g - +0 scale mail
rPois    .         Spirit   .   (no helmet)
rElec    .         Reflect  .   (no cloak)
rCorr    .         Harm     .   (no gloves)
MR       .....                  (no boots)
Stlth    +.........             (no amulet)
HPRegen  0.18/turn              (no ring)
MPRegen  0.10/turn              (no ring)

@: agile, corroded
A: fire resistance 1, flame cloud immunity
a: Renounce Religion


You were on level 5 of the Dungeon.
You worshipped Xom.
You were a toy of Xom.
You were not hungry.

You visited 1 branch of the dungeon, and saw 5 of its levels.

You collected 188 gold pieces.

Inventory:

Hand Weapons
 a - a +0 mace of chaos (weapon)
 p - a +0 mace of distortion
Armour
 b - a +2 leather armour
 g - a +0 scale mail (worn)
Wands
 q - a wand of acid (3)
 s - a wand of digging (11)
Scrolls
 d - 5 scrolls of identify {unknown}
 e - a scroll of enchant armour {unknown}
 i - a scroll of random uselessness {unknown}
 j - a scroll of immolation {unknown}
 k - 6 scrolls of remove curse {unknown}
 l - 3 scrolls of amnesia {unknown}
 t - a scroll of teleportation {unknown}
Potions
 h - a potion of cancellation {unknown}
 m - 3 potions of heal wounds {unknown}
 n - 2 potions of flight {unknown}
 o - a potion of lignification {unknown}
 r - a potion of brilliance {unknown}
Comestibles
 c - 5 rations
 u - 3 chunks of flesh


   Skills:
 + Level 5.3 Fighting
 * Level 6.3 Maces & Flails
 - Level 1.7 Armour
 - Level 0.8 Dodging


You had 6 spell levels left.
You didn't know any spells.

Dungeon Overview and Level Annotations

Branches:
Dungeon (4/15)
 Temple: D:4-7

Altars:
Fedhas
Makhleb
Qazlal


Innate Abilities, Weirdness & Mutations

Your flesh is heat resistant. (rF+)
You are immune to clouds of flame.


Message History

You kill the orc!
The orc hits you from afar with a trident.
* * * LOW HITPOINT WARNING * * *
Xom plays with reality for a moment.
The orc misses your butterfly. "See what I see, my child!"
You detect nothing.
You hit the jelly.
Your hands burn!
* * * LOW HITPOINT WARNING * * *
The jelly is lightly wounded.
The jelly hits you but does no damage.
Unknown command.
It was a potion of agility.
You feel agile all of a sudden.
Xom thinks this is hilarious!
The jelly hits you.
* * * LOW HITPOINT WARNING * * *
The acid corrodes you!
You are splashed with acid!
The acid burns!
You die...
Xom guffaws!

####
#####..#########
#..............#
#.....b.......#
#...bb......#
#.o.o..)...#
##.#.b..[..##
#J.##.###..##
##@##### ##..##
#..# ##..##
##.## ##..##
#.## ##..###
##### ##.#
##....
.....###.##
##... .........#
##.. ........##
#.. ........#
#.)


You could see a jelly and an orc.

Vanquished Creatures
  The ghost of olivier the Firebug, an amateur DsFE (D:3)
  A swamp drake (shapeshifter) (D:4)
  An ogre (D:3)
  A scorpion (D:5)
  A hound (D:5)
  An orc priest (D:5)
  2 iguanas (D:4)
  A worker ant (D:4)
  4 adders
  2 worms
  A dart slug (D:2)
  A leopard gecko (D:2)
  4 orcs
  A ball python (D:2)
  A giant cockroach (D:1)
  10 goblins
  2 hobgoblins
  A quokka (D:2)
  7 bats
  7 frilled lizards
  4 kobolds
  3 rats
57 creatures vanquished.

Vanquished Creatures (others)
  A plant (D:4)
1 creature vanquished.

Grand Total: 58 creatures vanquished

Notes
Turn   | Place    | Note
-------+----------+-------------------------------------------
     0 | D:1      | NorthaanB the Demonspawn Chaos Knight began the quest for the Orb.
     0 | D:1      | Reached XP level 1. HP: 18/18 MP: 1/1
    17 | D:1      | XOM: harmless Pois miscast
   138 | D:1      | Reached skill level 3 in Maces & Flails
   157 | D:1      | Gained mutation: Your flesh is heat resistant. (rF+) [demonic ancestry]
   157 | D:1      | Reached XP level 2. HP: 24/24 MP: 2/2
   604 | D:1      | XOM: harmless Tmut miscast
   761 | D:2      | XOM: silly message
   826 | D:2      | Reached XP level 3. HP: 12/29 MP: 3/3
   904 | D:2      | XOM: harmless Tmut miscast
  1128 | D:2      | XOM: silly message
  1369 | D:2      | XOM: silly message
  1694 | D:3      | Found a faded altar of an unknown god.
  1709 | D:3      | Noticed an ogre
  1734 | D:3      | XOM: noise
  1804 | D:3      | Reached skill level 4 in Maces & Flails
  1804 | D:3      | Gained mutation: You are immune to clouds of flame. [demonic ancestry]
  1804 | D:3      | Reached XP level 4. HP: 34/37 MP: 4/4
  1854 | D:3      | XOM: mild Tloc miscast
  2100 | D:3      | Found a burning altar of Makhleb.
  2100 | D:3      | Noticed a cacodemon
  2104 | D:3      | Killed an ogre
  2104 | D:3      | Reached XP level 5. HP: 42/42 MP: 5/5
  2125 | D:3      | Noticed olivier's ghost (amateur DsFE)
  2172 | D:3      | Killed olivier's ghost
  2172 | D:3      | Reached skill level 5 in Maces & Flails
  2172 | D:3      | Reached XP level 6. HP: 34/49 MP: 6/6
  2292 | D:3      | Noticed a water elemental
  2294 | D:3      | Found a stormy altar of Qazlal.
  2295 | D:3      | Noticed an air elemental
  2295 | D:3      | Noticed a fire elemental
  2393 | D:3      | Found a blossoming altar of Fedhas.
  2589 | D:4      | Noticed a swamp drake
  2589 | D:4      | a worker ant changed into a swamp drake
  2592 | D:4      | Killed a swamp drake
  2596 | D:4      | Reached skill level 5 in Fighting
  2679 | D:4      | Reached skill level 6 in Maces & Flails
  2688 | D:4      | XOM: harmless Hex miscast
  2726 | D:4      | You fall through a shaft!
  2726 | D:5      | Entered Level 5 of the Dungeon
  2764 | D:5      | Reached XP level 7. HP: 42/56 MP: 7/7
  2851 | D:5      | XOM: divination: detect items
  2862 | D:5      | XOM: cast spell 'Summon Butterflies'
  2864 | D:5      | XOM: divination: detect creatures
  2869 | D:5      | Splashed by a jelly's acid

Skill      XL: |  1  2  3  4  5  6 |
---------------+-------------------+-----
Maces & Flails | 3 4 5 6 |  6.3
Fighting       | 4 5 |  5.3
Armour         | |  1.7
Dodging        | |  0.8

Action                   |  1- 3 |  4- 6 |  7- 9 || total
-------------------------+-------+-------+-------++-------
Melee: Mace              |   109 |    55 |     9 ||   173
Evoke: Wand              |       |     4 |     2 ||     6
  Use: Potion            |       |       |     1 ||     1
 Stab: Sleeping          |     1 |       |       ||     1
       Paralysed         |       |     1 |       ||     1
  Eat: Chunk             |     3 |     3 |       ||     6
Armor: Leather armour    |    20 |       |       ||    20
       Scale mail        |    32 |    22 |     3 ||    57
Dodge: Dodged            |    65 |    25 |     8 ||    98
